IL
LAS VEGAS 51S @ INDIANAPOLIS INDIANS
08/20/2049
 
TOP OF THE 1ST
Las Vegas 51s batting - Pitching for Indianapolis Indians : RHP Antonio Alvarez
Pitching: RHP Antonio Alvarez
Batting: LHB Jamel Alexander 0-0: Ball
1-0: Foul Ball, location: 2F
1-1: Ball
2-1: Ball
3-1: Base on Balls
Batting: RHB Elias Urbina 0-0: Foul Ball, location: 2F
0-1: Ball
1-1: SINGLE (Line Drive, 8RS, EV 99.4 MPH)
Jamel Alexander to second
Batting: SHB Justin Wallace 0-0: Ball
1-0: Called Strike
1-1: Ball
2-1: Fly out, F7 (Flyball, 78D, EV 102.5 MPH)
Batting: LHB Bill Armijo 0-0: Swinging Strike
0-1: Called Strike
0-2: Ball
1-2: Grounds into double play, 4-6-3 (Groundball, 4MD, EV 88.1 MPH)
Top of the 1st over - 0 runs, 1 hit, 0 errors, 1 left on base; Las Vegas 0 - Indianapolis 0
BOTTOM OF THE 1ST
Indianapolis Indians batting - Pitching for Las Vegas 51s : RHP Zhao-ying Joe
Pitching: RHP Zhao-ying Joe
Batting: LHB Alberto Figueroa 0-0: Called Strike
0-1: Ball
1-1: Called Strike
1-2: SINGLE (Groundball, 4MD, EV 110.6 MPH)
Batting: RHB Bubba Tierney 0-0: Called Strike
0-1: Foul Ball, location: 2F
0-2: Foul Ball, location: 2F
0-2: Strikes out swinging
Batting: LHB Edwin Aguilar 0-0: Called Strike
0-1: Ball
Alberto Figueroa steals 2nd base
1-1: Ball
2-1: Ball
3-1: Base on Balls
Batting: RHB Alain Marquet 0-0: Ball
1-0: Called Strike
1-1: Fly out, F9 (Flyball, 9D, EV 99.4 MPH)
Runner from 2nd tags up, SAFE at 3rd, no throw by RF
Batting: LHB Phil DeCamp 0-0: Ball
1-0: Called Strike
1-1: Foul Ball, location: 2F
1-2: Foul Ball, location: 2F
1-2: Strikes out swinging
Bottom of the 1st over - 0 runs, 1 hit, 0 errors, 2 left on base; Las Vegas 0 - Indianapolis 0
TOP OF THE 2ND
Las Vegas 51s batting - Pitching for Indianapolis Indians : RHP Antonio Alvarez
Batting: SHB Masatoshi Akahoshi 0-0: SINGLE (Line Drive, 56D, EV 105.6 MPH)
Batting: SHB Nelson Powell 0-0: Foul Ball, location: 2F
0-1: Foul Ball, location: 2F
0-2: Ball
1-2: Ball
2-2: Foul Ball, location: 2F
2-2: Ball
3-2: Grounds out, U3 (Groundball, 3L, EV 96.9 MPH)
Batting: RHB Jayden Copeland 0-0: Called Strike
0-1: Ball
1-1: Called Strike
1-2: Foul Ball, location: 2F
1-2: Ball
2-2: Foul Ball, location: 2F
2-2: Foul Ball, location: 2F
2-2: Ball
3-2: Foul Ball, location: 2F
3-2: Foul Ball, location: 2F
3-2: Ground out 3-1 (Groundball, 34, EV 86.2 MPH)
Masatoshi Akahoshi to third
Batting: RHB Koen van Oort 0-0: Called Strike
0-1: Called Strike
0-2: Foul Ball, location: 2F
0-2: Foul Ball, location: 2F
0-2: Ball
1-2: Ball
2-2: Ball
3-2: Foul Ball, location: 2F
3-2: Foul Ball, location: 2F
3-2: Foul Ball, location: 2F
3-2: Base on Balls
Batting: RHB Fathi Addae 0-0: Ball
1-0: Called Strike
1-1: Ball
2-1: SINGLE (Groundball, 56D, EV 106.2 MPH)
Masatoshi Akahoshi scores
Koen van Oort to second
Batting: LHB Jamel Alexander 0-0: Ball
1-0: Ball
2-0: Fielders Choice at 2nd, U6 (Groundball, 6M, EV 88.1 MPH)
Top of the 2nd over - 1 run, 2 hits, 0 errors, 2 left on base; Las Vegas 1 - Indianapolis 0
BOTTOM OF THE 2ND
Indianapolis Indians batting - Pitching for Las Vegas 51s : RHP Zhao-ying Joe
Batting: RHB Chris Pozzi 0-0: Called Strike
0-1: Called Strike
0-2: Ball
1-2: Ball
2-2: Ball
3-2: Base on Balls
Batting: LHB Jorge Quintana 0-0: Called Strike
0-1: Fly out, F8 (Flyball, 8LXD, EV 105.0 MPH)
Batting: RHB Richard Barrios 0-0: Foul Ball, location: 2F
0-1: Ball
1-1: Ball
2-1: Foul Ball, location: 2F
2-2: Fielders Choice at 2nd, 6-4 (Groundball, 6M, EV 105.0 MPH)
Batting: RHB Nick Wicker 0-0: SINGLE (Groundball, 25, EV 65.6 MPH) (infield hit)
Richard Barrios to second
Batting: LHB Alberto Figueroa 0-0: Ball
1-0: Called Strike
1-1: Foul Ball, location: 2F
1-2: Strikes out swinging
Bottom of the 2nd over - 0 runs, 1 hit, 0 errors, 2 left on base; Las Vegas 1 - Indianapolis 0
TOP OF THE 3RD
Las Vegas 51s batting - Pitching for Indianapolis Indians : RHP Antonio Alvarez
Batting: RHB Elias Urbina 0-0: Ball
1-0: Ball
2-0: Ground out 5-3 (Groundball, 5, EV 88.1 MPH)
Batting: SHB Justin Wallace 0-0: Fly out, F7 (Flyball, 7LSF, EV 81.2 MPH)
Batting: LHB Bill Armijo 0-0: Ball
1-0: Swinging Strike
1-1: Swinging Strike
1-2: Ball
2-2: Strikes out swinging
Top of the 3rd over - 0 runs, 0 hits, 0 errors, 0 left on base; Las Vegas 1 - Indianapolis 0
BOTTOM OF THE 3RD
Indianapolis Indians batting - Pitching for Las Vegas 51s : RHP Zhao-ying Joe
Batting: RHB Bubba Tierney 0-0: Ball
1-0: Foul Ball, location: 2F
1-1: Fly out, F8 (Flyball, 8RD, EV 73.8 MPH)
Batting: LHB Edwin Aguilar 0-0: Ball
1-0: Foul Ball, location: 2F
1-1: Ball
2-1: Foul Ball, location: 2F
2-2: SINGLE (Line Drive, 9S, EV 100.6 MPH)
Batting: RHB Alain Marquet 0-0: Ball
1-0: Called Strike
Edwin Aguilar steals 2nd base (no throw)
1-1: Ground out 5-3 (Groundball, 56S, EV 88.1 MPH)
Batting: LHB Phil DeCamp 0-0: Ball
1-0: Ball
2-0: SINGLE (Groundball, 4MD, EV 86.9 MPH) (infield hit)
Edwin Aguilar to third
Batting: RHB Chris Pozzi 0-0: Foul Ball, location: 2F
0-1: Swinging Strike
0-2: Strikes out swinging
Bottom of the 3rd over - 0 runs, 2 hits, 0 errors, 2 left on base; Las Vegas 1 - Indianapolis 0
TOP OF THE 4TH
Las Vegas 51s batting - Pitching for Indianapolis Indians : RHP Antonio Alvarez
Batting: SHB Masatoshi Akahoshi 0-0: Called Strike
0-1: SINGLE (Groundball, 4D, EV 102.5 MPH)
Batting: SHB Nelson Powell 0-0: Fly out, F7 (Flyball, 7, EV 71.2 MPH)
Batting: RHB Jayden Copeland 0-0: Ball
1-0: Called Strike
1-1: Ball
2-1: Foul Ball, location: 2F
2-2: Foul Ball, location: 2F
Pickoff Throw to First - Out! 1-3 CS
2-2: SINGLE (Line Drive, 6MD, EV 100.6 MPH)
Batting: RHB Koen van Oort 0-0: Ground out 4-3 (Groundball, 4S, EV 70.6 MPH)
Top of the 4th over - 0 runs, 2 hits, 0 errors, 1 left on base; Las Vegas 1 - Indianapolis 0
BOTTOM OF THE 4TH
Indianapolis Indians batting - Pitching for Las Vegas 51s : RHP Zhao-ying Joe
Batting: LHB Jorge Quintana 0-0: TRIPLE (Flyball, 89XD, EV 109.4 MPH)
Batting: RHB Richard Barrios 0-0: Ground out 5-3 (Groundball, 56, EV 103.8 MPH)
Jorge Quintana scores
Batting: RHB Nick Wicker 0-0: DOUBLE (Line Drive, 78D, EV 105.0 MPH)
Batting: LHB Alberto Figueroa 0-0: Ball
1-0: Ball
2-0: Called Strike
2-1: Ground out 5-3 (Groundball, 56, EV 106.2 MPH)
Batting: RHB Bubba Tierney 0-0: Called Strike
0-1: Fly out, F8 (Flyball, 8LXD, EV 101.9 MPH)
Bottom of the 4th over - 1 run, 2 hits, 0 errors, 1 left on base; Las Vegas 1 - Indianapolis 1
TOP OF THE 5TH
Las Vegas 51s batting - Pitching for Indianapolis Indians : RHP Antonio Alvarez
Batting: RHB Fathi Addae 0-0: Swinging Strike
0-1: Ground out 6-3 (Groundball, 6, EV 101.9 MPH)
Batting: LHB Jamel Alexander 0-0: SINGLE (Line Drive, 7LS, EV 92.5 MPH)
Batting: RHB Elias Urbina 0-0: Called Strike
0-1: Ball
Jamel Alexander is caught stealing 2nd base 2-4
1-1: Ball
2-1: Swinging Strike
2-2: Strikes out swinging
Top of the 5th over - 0 runs, 1 hit, 0 errors, 0 left on base; Las Vegas 1 - Indianapolis 1
BOTTOM OF THE 5TH
Indianapolis Indians batting - Pitching for Las Vegas 51s : RHP Zhao-ying Joe
Batting: LHB Edwin Aguilar 0-0: Ball
1-0: Swinging Strike
1-1: Ball
2-1: Ball
3-1: Called Strike
3-2: Foul Ball, location: 2F
3-2: Base on Balls
Batting: RHB Alain Marquet 0-0: Ball
Edwin Aguilar steals 2nd base
1-0: Ball
2-0: Called Strike
2-1: SINGLE (Line Drive, 7S, EV 101.2 MPH)
Edwin Aguilar to third
Batting: LHB Phil DeCamp 0-0: Called Strike
0-1: Grounds into double play, 4-6-3 (Groundball, 4, EV 83.1 MPH)
Edwin Aguilar scores
Batting: RHB Chris Pozzi 0-0: Called Strike
0-1: SINGLE (Groundball, 5, EV 106.2 MPH)
Batting: LHB Jorge Quintana 0-0: Called Strike
0-1: Swinging Strike
0-2: Fly out, F7 (Line Drive, 78M, EV 93.1 MPH)
Bottom of the 5th over - 1 run, 2 hits, 0 errors, 1 left on base; Las Vegas 1 - Indianapolis 2
TOP OF THE 6TH
Las Vegas 51s batting - Pitching for Indianapolis Indians : RHP Antonio Alvarez
Batting: SHB Justin Wallace 0-0: Called Strike
0-1: Called Strike
0-2: Ball
1-2: Ball
2-2: Foul Ball, location: 2F
2-2: Ball
3-2: Strikes out looking
Batting: LHB Bill Armijo 0-0: Called Strike
0-1: Ball
1-1: Ground out 4-3 (Groundball, 4, EV 111.2 MPH)
Batting: SHB Masatoshi Akahoshi 0-0: Ball
1-0: Called Strike
1-1: Ball
2-1: Swinging Strike
2-2: Foul Ball, location: 2F
2-2: Strikes out swinging, 2-3 out at first.
Top of the 6th over - 0 runs, 0 hits, 0 errors, 0 left on base; Las Vegas 1 - Indianapolis 2
BOTTOM OF THE 6TH
Indianapolis Indians batting - Pitching for Las Vegas 51s : RHP Zhao-ying Joe
Batting: RHB Richard Barrios 0-0: Called Strike
0-1: Called Strike
0-2: Strikes out swinging
Batting: RHB Nick Wicker 0-0: SINGLE (Groundball, 56, EV 77.5 MPH) (infield hit)
Batting: LHB Alberto Figueroa 0-0: Ball
1-0: Swinging Strike
1-1: Foul Ball, location: 2F
1-2: Ball
2-2: SINGLE (Groundball, 6MD, EV 97.5 MPH)
Nick Wicker to second
Runner from 2nd tries for 3rd, SAFE, throw by CF made at trailing runner, OUT! 8-4
Batting: RHB Bubba Tierney 0-0: Ground out U3 (Groundball, 34, EV 85.0 MPH)
Bottom of the 6th over - 0 runs, 2 hits, 0 errors, 1 left on base; Las Vegas 1 - Indianapolis 2
TOP OF THE 7TH
Las Vegas 51s batting - Pitching for Indianapolis Indians : RHP Antonio Alvarez
Batting: SHB Nelson Powell 0-0: Called Strike
0-1: Ball
1-1: Foul Ball, location: 2F
1-2: Foul Ball, location: 2F
1-2: Ground out 6-3 (Groundball, 6, EV 81.2 MPH)
Batting: RHB Jayden Copeland 0-0: Ball
1-0: Foul Ball, location: 2F
1-1: Foul Ball, location: 2F
1-2: Ball
2-2: Fly out, F8 (Flyball, 8RM, EV 83.8 MPH)
Batting: RHB Koen van Oort 0-0: SINGLE (Groundball, 56S, EV 70.0 MPH) (infield hit)
Pitching: RHP Justin Ashton
Batting: RHB Fathi Addae 0-0: Called Strike
0-1: Called Strike
0-2: Ball
1-2: Foul Ball, location: 2F
1-2: Strikes out looking
Top of the 7th over - 0 runs, 1 hit, 0 errors, 1 left on base; Las Vegas 1 - Indianapolis 2
BOTTOM OF THE 7TH
Indianapolis Indians batting - Pitching for Las Vegas 51s : RHP Zhao-ying Joe
Batting: LHB Edwin Aguilar 0-0: Ball
1-0: Called Strike
1-1: Ball
2-1: Foul Ball, location: 2F
2-2: Strikes out looking
Batting: RHB Alain Marquet 0-0: Foul Ball, location: 2F
0-1: Ball
1-1: Swinging Strike
1-2: Ball
2-2: DOUBLE (Line Drive, 78XD, EV 103.1 MPH)
Pitching: RHP Jason Vulich
Batting: LHB Phil DeCamp 0-0: Ball
1-0: Ball
2-0: Called Strike
2-1: Ground out 4-3 (Groundball, 4, EV 88.1 MPH)
Alain Marquet to third
Batting: RHB Chris Pozzi 0-0: Called Strike
0-1: Foul Ball, location: 2F
0-2: Ball
1-2: Foul Ball, location: 2F
1-2: Ball
2-2: Strikes out swinging
Bottom of the 7th over - 0 runs, 1 hit, 0 errors, 1 left on base; Las Vegas 1 - Indianapolis 2
TOP OF THE 8TH
Las Vegas 51s batting - Pitching for Indianapolis Indians : RHP Justin Ashton
Batting: LHB Jamel Alexander 0-0: Foul Ball, location: 2F
0-1: Foul Ball, location: 2F
0-2: Strikes out swinging
Batting: RHB Elias Urbina 0-0: SINGLE (Line Drive, 9LM, EV 97.5 MPH)
Batting: SHB Justin Wallace 0-0: DOUBLE (Flyball, 8RXD, EV 98.8 MPH)
Elias Urbina to third
Pitching: LHP Vince Zujovic
Batting: LHB Bill Armijo 0-0: Called Strike
0-1: Fly out, F8 (Flyball, 8LM, EV 89.4 MPH)
Runner from 3rd tags up, SCORES, no throw by CF
Batting: SHB Masatoshi Akahoshi 0-0: Foul Ball, location: 2F
0-1: Called Strike
0-2: Ball
1-2: Ground out 6-3 (Groundball, 6M, EV 81.2 MPH)
Top of the 8th over - 1 run, 2 hits, 0 errors, 1 left on base; Las Vegas 2 - Indianapolis 2
BOTTOM OF THE 8TH
Indianapolis Indians batting - Pitching for Las Vegas 51s : RHP Jason Vulich
Batting: LHB Jorge Quintana 0-0: Ground out U3 (Groundball, 3, EV 105.0 MPH)
Batting: RHB Richard Barrios 0-0: Swinging Strike
0-1: Foul Ball, location: 2F
0-2: Ball
1-2: SOLO HOME RUN (Flyball, 9LD, EV 95.0 MPH), Distance : 383 ft
Batting: RHB Nick Wicker 0-0: Ball
1-0: Foul Ball, location: 2F
1-1: Ball
2-1: Swinging Strike
2-2: Foul Ball, location: 2F
2-2: SINGLE (Flyball, 8LS, EV 90.0 MPH)
Batting: LHB Alberto Figueroa 0-0: Ball
1-0: Ball
2-0: Foul Ball, location: 2F
2-1: Ball
3-1: Base on Balls
Nick Wicker to second
Batting: RHB Bubba Tierney 0-0: Ball
1-0: Fly out, F8 (Flyball, 8LD, EV 103.8 MPH)
Batting: LHB Edwin Aguilar 0-0: Ball
1-0: Called Strike
1-1: Foul Ball, location: 2F
1-2: Ball
2-2: Fly out, F7 (Flyball, 7, EV 90.6 MPH)
Bottom of the 8th over - 1 run, 2 hits, 0 errors, 2 left on base; Las Vegas 2 - Indianapolis 3
TOP OF THE 9TH
Las Vegas 51s batting - Pitching for Indianapolis Indians : LHP Vince Zujovic
Pitching: RHP Robby Poyfair
Now at 1B: Gregg Kellerman
Batting: SHB Nelson Powell 0-0: Called Strike
0-1: Foul Ball, location: 2F
0-2: Ball
1-2: Foul Ball, location: 2F
1-2: Ball
2-2: Ground out 4-3 (Groundball, 34S, EV 90.0 MPH)
Batting: RHB Jayden Copeland 0-0: Ball
1-0: Ball
2-0: Called Strike
2-1: Foul Ball, location: 2F
2-2: Strikes out swinging
Pinch Hitting: SHB Jason Evans 0-0: Swinging Strike
0-1: Swinging Strike
0-2: Ball
1-2: Strikes out swinging
Top of the 9th over - 0 runs, 0 hits, 0 errors, 0 left on base; Las Vegas 2 - Indianapolis 3
Sunday, July 16th , 2023 - OOTP Baseball 24.6 Build 69